 Dungeon Crawl Stone Soup version 0.31-a0-202-g547052bce9 (webtiles) character file.

Game seed: 7645080716277008088

686 qw the Skirmisher (level 7, -5/40 HPs)
             Began as a Deep Elf Hunter on June 26, 2023.
             Was a Follower of Okawaru.
             Slain by Edmund
             ... wielding a +1 antimagic dire flail
              (13 damage)
             ... on level 5 of the Dungeon.
             The game lasted 00:02:24 (3689 turns).

qw the Skirmisher (Deep Elf Hunter)                 Turns: 3689, Time: 00:02:25

Health: -5/40      AC:  7    Str: 10    XL:     7   Next: 35%
Magic:  1/9        EV: 17    Int:  9    God:    Okawaru [*.....]
Gold:   211        SH:  0    Dex: 21    Spells: 6/6 levels left

rFire   + . .        Y - +1 shortbow
rCold   . . .        (shield currently unavailable)
rNeg    . . .        f - +0 ring mail
rPois   .            (no helmet)
rElec   .            (no cloak)
rCorr   .            a - +1 pair of gloves "Ludepaxi" {rF+ Int-5 Dex+3 Stlth+}
SInv    .            (no boots)
Will    .....        (no amulet)
Stlth   ++           k - +5 ring of evasion
HPRegen 0.26/turn    (no ring)
MPRegen 0.11/turn

%: no passive effects
@: no status effects
A: no striking features
a: Renounce Religion, Heroism


You were on level 5 of the Dungeon.
You worshipped Okawaru.
Okawaru was aware of your devotion.
You visited 1 branch of the dungeon, and saw 5 of its levels.

You collected 211 gold pieces.


   Skills:
 - Level 2.9 Fighting
 - Level 10.2 Ranged Weapons
 + Level 0.0 Armour
 - Level 4.6 Dodging
 - Level 1.2 Stealth
 + Level 0.0 Invocations


You had 6 spell levels left.
You didn't know any spells.
Your spell library was empty.

Inventory:

Hand Weapons
 Y - a +1 shortbow (weapon)
Armour
 a - the +1 pair of gloves "Ludepaxi" (worn) {rF+ Int-5 Dex+3 Stlth+}
   (You found it on level 4 of the Dungeon)

   Int:       It affects your intelligence (-5).
   Dex:       It affects your dexterity (+3).
   rF:        It protects you from fire.
   Stlth:     It makes you more stealthy.
 f - a +0 ring mail (worn)
Jewellery
 k - a +5 ring of evasion (left hand)
Wands
 m - a wand of digging (7)
Scrolls
 c - a scroll of identify
Potions
 g - a potion of heal wounds {unknown}
 i - a potion of degeneration {unknown}
 l - a potion of magic {unknown}
 n - a potion of attraction {unknown}
 o - a potion of might {unknown}

Dungeon Overview and Level Annotations

Branches:
Dungeon (5/15)
 Temple: D:4-7

Altars:
Okawaru
Qazlal

Annotations:
D:3 1 runed translucent door, qw's ghost, amateur DEHu
D:5 Edmund


Message History

You shoot an arrow. The arrow hits Edmund.
Edmund is severely wounded.
You hear the rusting of a distant drain.
Edmund barely misses you.
You shoot an arrow.
The arrow hits Edmund but does no damage.
Edmund is severely wounded.
Edmund hits you with a +1 antimagic dire flail!
You shoot an arrow. The arrow barely misses Edmund.
Edmund barely misses you.
You shoot an arrow.
The arrow hits Edmund but does no damage.
Edmund is severely wounded.
Edmund hits you but does no damage.
You shoot an arrow.
The arrow hits Edmund but does no damage.
Edmund is severely wounded.
Edmund barely misses you.
You shoot an arrow. The arrow closely misses Edmund.
You shoot an arrow. The arrow hits Edmund.
Edmund is severely wounded.
Edmund hits you with a +1 antimagic dire flail.
You feel your power leaking away. Edmund closely misses you.
You shoot an arrow. The arrow closely misses Edmund.
Edmund barely misses you.
You shoot an arrow. The arrow hits Edmund.
Edmund is almost dead.
Edmund barely misses you.
You shoot an arrow. The arrow closely misses Edmund.
Edmund closely misses you.
You shoot an arrow. The arrow completely misses Edmund.
Edmund misses you.
You shoot an arrow.
The arrow hits Edmund but does no damage.
Edmund is severely wounded.
Edmund closely misses you.
You shoot an arrow. The arrow barely misses Edmund.
Edmund hits you with a +1 antimagic dire flail!
You die...

......................
......................
......................
..^.......|..........
##########+#......##
#......+ #......#
#......# +....@.#
#...@..# #.....$#
..)..#+### .....#
..../. ...... .##


You could see Edmund.

Vanquished Creatures
  Grinder (D:5)
  An ogre (D:4)
  A phantom (D:4)
  A scorpion (D:4)
  2 orc priests (D:3)
  An iguana (D:4)
  2 adders
  5 gnolls
  A worm (D:2)
  2 dart slugs
  8 orcs
  12 endoplasms
  7 giant cockroaches
  10 goblins
  11 hobgoblins
  8 jackals
  16 kobolds
  6 quokkas
  9 ball pythons
  6 bats
  2 frilled lizards
  5 rats
117 creatures vanquished.

Notes
Turn   | Place    | Note
-------+----------+-------------------------------------------
     0 | D:1      | qw the Deep Elf Hunter began the quest for the Orb.
     0 | D:1      | Reached XP level 1. HP: 12/12 MP: 3/3
     0 | D:1      | 0 ||| qw: Version: 0.3-a-22-g0ed2b0b
     0 | D:1      | 0 ||| qw: Game counter: 6339
     0 | D:1      | 0 ||| qw: Melee chars always use a shield: true
     0 | D:1      | 0 ||| qw: God list: Okawaru
     0 | D:1      | 0 ||| qw: Allow faded altars: false
     0 | D:1      | 0 ||| qw: Do Orc after clearing Dungeon:15 true
     0 | D:1      | 0 ||| qw: Do second Lair branch before Depths: true
     0 | D:1      | 0 ||| qw: Lair rune preference: random
     0 | D:1      | 0 ||| qw: Goals: Normal
     0 | D:1      | 0 ||| PLANNING D:1-11
   170 | D:1      | Reached skill level 6 in Ranged Weapons
   170 | D:1      | Reached XP level 2. HP: 16/16 MP: 4/4
   333 | D:1      | Reached XP level 3. HP: 20/20 MP: 5/5
   541 | D:1      | Reached skill level 7 in Ranged Weapons
   790 | D:1      | 790 ||| UPGRADING to +0 ring mail.
   800 | D:1      | 800 ||| DROPPING +0 leather armour.
   801 | D:1      | 801 ||| DROPPING scroll of butterflies.
  1044 | D:2      | Reached XP level 4. HP: 24/25 MP: 6/6
  1321 | D:2      | 1321 ||| READING scroll labelled UMUIT OVYD.
  1322 | D:2      | 1322 ||| READING 2 scrolls labelled HENTEE JEGEYZ.
  1323 | D:2      | 1323 ||| READING scroll labelled ZIRPHU JUOCICOV.
  1324 | D:2      | 1324 ||| READING scroll labelled ASCHUE XOSAPPOA.
  1369 | D:2      | 1369 ||| DRINKING 2 black potions.
  1404 | D:2      | 1404 ||| DROPPING potion of lignification.
  1559 | D:3      | Found a runed translucent door.
  1559 | D:3      | Noticed a bullfrog
  1567 | D:3      | Noticed qw's ghost (amateur DEHu)
  1725 | D:3      | Reached skill level 8 in Ranged Weapons
  1732 | D:3      | 1732 ||| Stepping ~*~*~tactically~*~*~ (outnumbered).
  1743 | D:3      | Reached XP level 5. HP: 29/29 MP: 7/7
  1797 | D:3      | Found a stormy altar of Qazlal.
  2002 | D:3      | Found an iron altar of Okawaru.
  2003 | D:3      | 2003 ||| PLANNING OKAWARU WORSHIP
  2003 | D:3      | 2003 ||| DROPPING ring of wizardry.
  2004 | D:3      | 2004 ||| UPGRADING to +5 ring of evasion.
  2005 | D:3      | 2005 ||| READING scroll labelled XIURCHI PICLAARGH.
  2006 | D:3      | 2006 ||| READING 2 scrolls labelled IBLUWK IPLACRO.
  2007 | D:3      | 2007 ||| READING scroll labelled PUYC LUTZOHO.
  2008 | D:3      | 2008 ||| READING scroll labelled JANINO PUFI.
  2009 | D:3      | 2009 ||| READING 2 scrolls of identify.
  2009 | D:3      | 2009 ||| IDENTIFYING purple potion
  2010 | D:3      | 2010 ||| DROPPING scroll of poison.
  2011 | D:3      | 2011 ||| DROPPING potion of invisibility.
  2013 | D:3      | 2013 ||| Stepping ~*~*~tactically~*~*~ (cloud).
  2095 | D:3      | Became a worshipper of Warmaster Okawaru
  2096 | D:3      | 2096 ||| PLANNING D:1-11
  2814 | D:4      | Reached skill level 9 in Ranged Weapons
  2818 | D:4      | 2818 ||| STAIRDANCE
  2982 | D:4      | Noticed an ogre
  2990 | D:4      | Killed an ogre
  2991 | D:4      | Reached XP level 6. HP: 12/36 MP: 8/8
  3130 | D:4      | 3130 ||| FLEEEEING.
  3131 | D:4      | 3131 ||| FLEEEEING.
  3132 | D:4      | 3132 ||| FLEEEEING.
  3133 | D:4      | 3133 ||| FLEEEEING.
  3291 | D:4      | Identified the +11 war axe of the Open Hand {heavy, rC+
                  | Str+3 Stlth+}
  3391 | D:4      | Reached * piety under Okawaru
  3392 | D:4      | Reached skill level 10 in Ranged Weapons
  3465 | D:4      | Identified the +1 pair of gloves "Ludepaxi" {rF+ Int-5
                  | Dex+3 Stlth+}
  3552 | D:4      | 3552 ||| UPGRADING to +1 pair of gloves "Ludepaxi" {rF+
                  | Int-5 Dex+3 Stlth+}.
  3557 | D:4      | 3557 ||| READING 2 scrolls of identify.
  3557 | D:4      | 3557 ||| IDENTIFYING brown potion
  3558 | D:4      | 3558 ||| DROPPING potion of brilliance.
  3572 | D:5      | Entered Level 5 of the Dungeon
  3572 | D:5      | Noticed Grinder
  3573 | D:5      | 3573 ||| PLANNING SEWER
  3573 | D:5      | 3573 ||| INVOKING Heroism.
  3581 | D:5      | Killed Grinder
  3582 | D:5      | Reached XP level 7. HP: 40/40 MP: 6/9
  3649 | D:5      | Noticed Edmund
  3650 | D:5      | 3650 ||| INVOKING Heroism.
  3662 | D:5      | 3662 ||| INVOKING Heroism.
  3678 | D:5      | HP: 8/40 [Edmund/+1 antimagic dire flail (7)]
  3683 | D:5      | HP: 6/40 [Edmund/+1 antimagic dire flail (3)]
  3689 | D:5      | Slain by Edmund

Levels and vault maps discovered:
D:1:      psy_arrival_conway, layout_basic, minivault_27, nrook_mini_vaults
D:2:      layout_rooms, grunt_ministairs_14, nicolae_titane
D:3:      layout_rooms, okawaru_altar_gauntlet_db,
          nicolae_qazlal_general_emergency, ebering_ghost_sewer_d,
          hangedman_decor_points, minmay_starry_boxes
D:4:      layout_cave_pools
D:5:      layout_gridville, nicolae_overflow_two_pavilions,
          minmay_temple_entry_butterflies, portal_sewer_entry_f, uniq_pikel,
          uniq_blork_the_orc, uniq_edmund, uniq_prince_ribbit1, uniq_grinder

Skill      XL: |  1  2  3  4  5  6 |
---------------+-------------------+-----
Ranged Weapons | 6 7 8 9 10 | 10.2
Fighting       | 2 |  2.9
Dodging        | 4 |  4.6
Stealth        | |  1.2

Action                     |  1- 3 |  4- 6 |  7- 9 || total
---------------------------+-------+-------+-------++-------
   Fire: Shortbow          |   110 |   195 |    40 ||   345
 Invoke: Heroism           |       |     1 |     2 ||     3
    Use: Scroll            |       |    10 |       ||    10
         Potion            |       |     1 |       ||     1
 Armour: Leather armour    |     9 |       |       ||     9
         Ring mail         |     4 |    13 |     1 ||    18
  Dodge: Dodged            |    27 |    45 |    21 ||    93

Table legend:
 A = Non-vault XP
 B = Vault XP
 C = Vault XP percentage of total XP
 D = Non-vault monster count
 E = Vault monster count
 F = Vault count percentage of total count
                 A         B        C        D         E       F
            +---------+---------+-------+---------+---------+-------
      Total |     676 |     304 |  31.0 |     102 |      15 |  12.8
            +---------+---------+-------+---------+---------+-------
        D:1 |      64 |       0 |   0.0 |      34 |       0 |   0.0
        D:2 |      40 |       4 |   9.1 |      12 |       2 |  14.3
        D:3 |     130 |      42 |  24.4 |      29 |      12 |  29.3
        D:4 |     439 |       0 |   0.0 |      26 |       0 |   0.0
        D:5 |       3 |     258 |  98.9 |       1 |       1 |  50.0
            +---------+---------+-------+---------+---------+-------
